 Dungeon Crawl Stone Soup version 0.25.1-2-g60ff931df9 (webtiles) character file.

Game seed: 8249919592465493800

42 Curus the Twirler (level 3, -3/27 HPs)
             Began as a Demonspawn Gladiator on Oct 31, 2020.
             Slain by an adder (4 damage)
             ... on level 2 of the Dungeon.
             The game lasted 00:02:34 (1170 turns).

Curus the Twirler (Demonspawn Gladiator)            Turns: 1170, Time: 00:02:35

Health: -3/27      AC:  6    Str: 14    XL:     3   Next: 35%
Magic:  0/3        EV:  8    Int:  9    God:
Gold:   37         SH:  0    Dex: 15    Spells: 2/2 levels left

rFire    . . .     SeeInvis .   a - +0 quarterstaff
rCold    . . .     Gourm    .   (shield currently unavailable)
rNeg     . . .     Faith    .   b - +0 leather armour
rPois    .         Spirit   +   c - +0 helmet
rElec    .         Reflect  .   (no cloak)
rCorr    .         Harm     .   (no gloves)
MR       .....                  (no boots)
Stlth    +.........             e - amulet of magic regeneration
HPRegen  0.09/turn              h - -4 ring of evasion (curse)
MPRegen  0.33/turn              (no ring)

@: lethally poisoned (-3 -> -5)
A: icy blue scales 1, magic shield
a: no special abilities


You were on level 2 of the Dungeon.
You were not hungry.

You visited 1 branch of the dungeon, and saw 2 of its levels.

You collected 37 gold pieces.

Inventory:

Hand Weapons
 a - a +0 quarterstaff (weapon)
Missiles
 d - 3 throwing nets (quivered)
Armour
 b - a +0 leather armour (worn)
 c - a +0 helmet (worn)
Jewellery
 e - an amulet of magic regeneration (around neck)
 h - a cursed -4 ring of evasion (left hand)
Comestibles
 f - a ration
 g - a chunk of flesh


   Skills:
 - Level 2.0 Fighting
 + Level 4.1 Staves
 - Level 1.7 Throwing
 - Level 2.6 Dodging


You had 2 spell levels left.
You didn't know any spells.
Your spell library was empty.

Dungeon Overview and Level Annotations

Branches:
Dungeon (2/15)

Altars:

Annotations:
D:1 1 runed translucent door


Innate Abilities, Weirdness & Mutations

You are partially covered in icy blue scales. (AC +2)
When hurt, damage is shared between your health and your magic reserves.


Message History

The leopard gecko hisses menacingly.
The goblin hits you but does no damage. The worm completely misses you.
The adder bites you but does no damage.
You closely miss the adder. The bat hits you.
The bat hits you but does no damage. The goblin barely misses you.
The adder bites you but does no damage.
You miss the adder. The bat closely misses you.
The bat hits you but does no damage. The goblin hits you but does no damage.
The goblin hits you with a +0 dagger. The adder bites you.
You are poisoned.
The adder poisons you! The leopard gecko bites you. The worm bites you.
Unknown command.
You feel sick. The bat hits you but does no damage. x2
The adder barely misses you. The goblin hits you but does no damage.
The goblin hits you with a +0 dagger.
* * * LOW HITPOINT WARNING * * *
The leopard gecko closely misses you. The worm bites you!
* * * LOW HITPOINT WARNING * * *
The adder bites you.
You die...

.......<..#
..........#
..........#
..........
.........##
..........#
......lg..#
.....bg@..#
......bSw.#
..........#
#........##
##......##
########


You could see a worm, an adder, a leopard gecko, 2 goblins and 2 bats.

Vanquished Creatures
  2 oozes (D:1)
  A dart slug (D:1)
  4 leopard geckos (D:1)
  2 giant cockroaches (D:1)
  2 goblins (D:1)
  4 jackals (D:1)
  3 bats
  2 frilled lizards (D:1)
  4 kobolds (D:1)
  2 rats (D:1)
26 creatures vanquished.

Notes
Turn   | Place    | Note
-------+----------+-------------------------------------------
     0 | D:1      | Curus the Demonspawn Gladiator began the quest for the Orb.
     0 | D:1      | Reached XP level 1. HP: 16/16 MP: 1/1
     1 | D:1      | Found a runed translucent door.
    77 | D:1      | Reached skill level 3 in Staves
   252 | D:1      | Gained mutation: When hurt, damage is shared between your
                  | health and your magic reserves. [demonic ancestry]
   252 | D:1      | Reached XP level 2. HP: 20/22 MP: 2/2
   780 | D:1      | Gained mutation: You are partially covered in icy blue
                  | scales. (AC +2) [demonic ancestry]
   780 | D:1      | Reached XP level 3. HP: 19/27 MP: 3/3
   791 | D:1      | Reached skill level 4 in Staves
  1170 | D:2      | HP: 1/27 [worm (6)]
  1170 | D:2      | Slain by an adder

Illustrated notes

Levels and vault maps discovered:
D:1:      dpeg_arrival_caged_fury, layout_basic
D:2:      layout_rooms, grunt_temple_overflow_open

Skill      XL: |  1  2  3 |
---------------+----------+-----
Staves         | 3 4 |  4.1
Fighting       | |  2.0
Throwing       | |  1.7
Dodging        | |  2.6

Action                   || total
-------------------------++-------
Melee: Quarterstaff      ||    85
  Use: Scroll            ||     2
  Eat: Chunk             ||     1
Armor: Leather armour    ||    67
Dodge: Dodged            ||    62
